Map: Catalyst LE

Players

Arctur

  • Race: Terran Terran
  • Spawn Location: 5:00

SortOf - Winner!

  • Race: Zerg Zerg
  • Spawn Location: 11:00

Event: WCS Leipzig 2018

VOD

Have the link to the VOD?

Description

Time

  • Played on: Jan. 26, 2018, 11:18 a.m.
  • Length: 11:07

All games in this series

Show
View Real Time Build Order
Export as new Build Order

Arctur Terran 

Build Orders: Hellion Opening, Reaper Expand, Bio Tank 

Get SALT Encoding   

  12  0:00  SCV  
  13  0:12  SCV  
  14  0:17  Supply Depot  
  14  0:25  SCV  
  15  0:38  SCV  
  15  0:39  Barracks  
  16  0:43  Refinery  
  16  0:51  SCV  
  17  1:03  SCV  
  18  1:15  SCV  
  19  1:26  Reaper  
  19  1:27  Orbital Command  
  20  1:40  Command Center  
  20  1:50  Supply Depot  
  20  1:52  SCV  
  21  1:58  Marine  
  22  2:05  SCV  
  23  2:09  Factory  
  23  2:13  Refinery  
  23  2:17  SCV  
  23  2:20  Barracks Reactor  
  24  2:29  SCV  
  25  2:43  SCV  
  24  2:57  Starport  
  24  3:00  SCV  
  24  3:03  Hellion x2  
  29  3:07  Barracks Tech Lab  
  30  3:12  SCV  
  30  3:16  Orbital Command  
  30  3:24  SCV, Hellion  
  30  3:25  Hellion  
  34  3:37  Viking  
  34  3:40  SCV  
  37  3:44  SCV  
  37  3:45  Supply Depot  
  42  3:48  Hellion x2  
  42  3:51  Barracks Tech Lab  
  42  3:52  SCV  
  43  3:56  SCV  
  43  4:00  Liberator  
  44  4:04  SCV  
  45  4:14  SCV  
  45  4:16  SCV  
  47  4:17  Command Center  
  47  4:21  Stimpack  
  50  4:27  Supply Depot  
  50  4:28  SCV x2  
  50  4:30  Marine  
  53  4:45  SCV  
  52  4:50  SCV  
  47  4:53  Engineering Bay  
  47  4:54  Engineering Bay  
  47  4:58  Barracks  
  47  4:59  Factory Reactor  
  43  5:00  SCV  
  43  5:01  Barracks  
  43  5:02  SCV  
  43  5:06  Marine  
  46  5:10  Starport Reactor  
  46  5:12  SCV  
  47  5:14  SCV  
  47  5:20  Refinery  
  48  5:21  Refinery  
  48  5:23  Terran Infantry Weapons Level 1, Terran Infantry Armor Level 1  
  48  5:24  SCV  
  48  5:26  Marine  
  48  5:27  SCV  
  51  5:29  Orbital Command  
  51  5:36  SCV  
  51  5:39  SCV  
  53  5:45  Marine x3  
  53  5:46  Barracks  
  53  5:47  Barracks  
  53  5:48  SCV, Siege Tank  
  60  5:53  SCV  
  61  5:58  SCV, Marine  
  61  6:00  Medivac  
  61  6:02  Marine  
  61  6:03  Marine x2  
  68  6:04  Medivac  
  68  6:05  Marine  
  68  6:07  SCV  
  68  6:08  SCV  
  73  6:11  Armory  
  73  6:14  Supply Depot  
  73  6:15  Marine  
  74  6:19  SCV  
  74  6:20  SCV, Marine  
  74  6:25  Combat Shields  
  77  6:27  Orbital Command  
  77  6:35  SCV, Siege Tank, Barracks Reactor  
  77  6:36  Supply Depot x2, Barracks Reactor  
  81  6:45  SCV  
  81  6:46  Marine x2  
  84  6:47  SCV  
  85  6:55  Marine x2  
  85  6:56  SCV  
  85  6:58  SCV, Marine  
  85  7:00  Supply Depot x2  
  85  7:01  Medivac x2  
  89  7:04  Marine x2  
  89  7:07  Siege Tank  
  96  7:11  SCV  
  96  7:12  SCV x2  
  96  7:13  Marine  
  96  7:15  Marine  
  101  7:21  Marine x5  
  101  7:22  Marine, Terran Infantry Weapons Level 2  
  107  7:23  SCV, Supply Depot  
  108  7:32  SCV x2  
  108  7:34  Terran Infantry Armor Level 2  
  108  7:35  Supply Depot  
  108  7:36  SCV  
  111  7:42  Marine x3  
  111  7:43  Marine x3  
  117  7:45  SCV, Marine  
  117  7:46  Marine x2  
  117  7:48  SCV  
  117  7:50  SCV  
  121  8:00  Marine x2  
  121  8:04  Supply Depot, Marine x6  
  129  8:08  SCV  
  130  8:13  Command Center  
  130  8:14  Marine  
  130  8:18  Marine  
  132  8:23  Marine  
  132  8:25  Marine x4, Siege Tank  
  131  8:34  Factory  
  113  8:43  SCV x3  
  113  8:46  Supply Depot  
  113  8:47  Supply Depot  
  113  8:48  Supply Depot, Marine x4  
  101  8:55  Supply Depot  
  96  9:07  Medivac x2  
  96  9:08  SCV, Refinery  
  96  9:09  SCV, Refinery, Supply Depot  
  102  9:11  Supply Depot  
  102  9:13  Siege Tank  
  102  9:17  Marine x3  
  105  9:20  Factory Tech Lab  
  108  9:32  Factory  
  108  9:34  Factory  
  106  9:43  Liberator x2  
  106  9:45  Siege Tank  
  105  9:58  Siege Tank  
  109  10:04  Unknown  
  109  10:05  Unknown x7  
  101  10:07  Marine x2  
  101  10:08  Marine x2  
  101  10:10  Marine x2  
  101  10:11  SCV  
  101  10:12  Marine x3  
  103  10:17  Siege Tank  
  99  10:21  Factory Tech Lab  
  99  10:23  SCV, Factory Tech Lab  
  99  10:24  SCV  
  99  10:26  Marine x2  
  99  10:28  Marine x3  
  92  10:40  SCV x2  
Show
View Real Time Build Order
Export as new Build Order

SortOf Zerg - Winner!

Build Orders: Pool First 

Get SALT Encoding   

  12  0:00  Drone  
  13  0:13  Overlord  
  13  0:17  Drone  
  14  0:31  Drone x2  
  14  0:35  Drone  
  17  0:41  Extractor  
  16  0:46  Drone  
  17  0:50  Spawning Pool  
  17  0:56  Drone  
  17  1:07  Drone  
  18  1:20  Hatchery  
  18  1:23  Drone  
  18  1:37  Queen  
  18  1:38  Zergling x2  
  21  1:45  Metabolic Boost  
  21  1:52  Overlord  
  21  2:00  Zergling x2  
  22  2:10  Drone  
  22  2:12  Queen  
  22  2:13  Drone  
  26  2:22  Drone  
  27  2:32  Pneumatized Carapace, Drone  
  28  2:37  Drone  
  28  2:43  Drone  
  30  2:46  Overlord  
  30  2:47  Drone x2  
  32  2:54  Drone x2  
  34  3:01  Zergling x2  
  34  3:07  Drone  
  35  3:13  Drone, Hatchery  
  35  3:14  Drone  
  35  3:19  Queen  
  38  3:24  Overlord  
  38  3:26  Drone  
  39  3:31  Queen  
  41  3:35  Drone x2  
  41  3:37  Drone  
  41  3:40  Zergling x2  
  44  3:43  Zergling x2  
  44  3:46  Drone  
  46  3:51  Zergling x6  
  46  3:52  Drone  
  50  3:58  Drone x2  
  50  3:59  Lair  
  52  4:03  Overlord  
  52  4:10  Overlord  
  52  4:12  Overlord  
  52  4:19  Baneling Nest  
  52  4:20  Overlord  
  52  4:23  Drone  
  52  4:24  Queen  
  52  4:27  Drone  
  52  4:28  Drone x3  
  52  4:30  Extractor  
  57  4:33  Zergling x4  
  58  4:43  Zergling x2  
  58  4:44  Zergling x4  
  55  4:49  Drone  
  54  4:53  Drone  
  54  4:54  Drone x2  
  54  4:57  Drone x4, Zergling x2  
  54  4:58  Drone x2  
  61  5:00  Overseer  
  61  5:05  Drone  
  62  5:12  Drone x2  
  64  5:17  Centrifical Hooks  
  64  5:22  Drone x3  
  64  5:27  Drone x3  
  70  5:30  Extractor  
  70  5:33  Drone x2  
  71  5:38  Evolution Chamber x2  
  71  5:41  Drone x5  
  72  5:44  Drone  
  72  5:45  Drone  
  74  5:54  Drone x2  
  74  5:55  Drone  
  74  5:56  Drone x3  
  80  5:57  Extractor  
  80  5:58  Extractor  
  80  6:00  Extractor, Hydralisk Den  
  80  6:04  Overlord  
  76  6:05  Drone x4  
  76  6:06  Spore Crawler  
  79  6:13  Overseer  
  79  6:15  Baneling x2  
  79  6:16  Drone x3  
  79  6:18  Overlord  
  82  6:26  Zerg Ground Armor Level 1  
  82  6:27  Drone x3  
  84  6:33  Zergling x8  
  84  6:34  Zerg Melee Weapons Level 1  
  87  6:41  Overlord x2  
  87  6:49  Hydralisk x3, Muscular Augments  
  87  6:51  Hatchery  
  87  6:53  Hydralisk  
  94  6:54  Overlord  
  94  7:03  Hydralisk x3  
  94  7:04  Zergling x6  
  103  7:14  Zergling x12  
  107  7:15  Baneling  
  107  7:16  Baneling x5  
  107  7:21  Zergling x4, Hydralisk x2  
  112  7:26  Zergling x6  
  115  7:30  Hatchery  
  115  7:35  Zergling x4  
  115  7:36  Zergling x4  
  118  7:37  Baneling  
  118  7:38  Baneling x6  
  118  7:45  Hydralisk x2  
  118  7:47  Overlord, Infestation Pit  
  118  7:50  Overlord  
  121  7:53  Overlord  
  121  7:55  Overlord  
  121  8:00  Overlord  
  121  8:09  Hydralisk  
  121  8:10  Zergling x2, Hydralisk x7  
  138  8:15  Baneling x3  
  138  8:19  Baneling x2  
  138  8:21  Zergling x6  
  138  8:24  Zergling x4  
  134  8:38  Zergling x4  
  134  8:40  Drone, Zergling x8  
  130  8:47  Zergling x4  
  123  8:49  Zergling x6  
  123  8:55  Zergling x16  
  128  8:56  Extractor  
  128  9:01  Zergling x4  
  122  9:04  Hive  
  122  9:07  Queen  
  122  9:09  Drone x2  
  126  9:12  Baneling x9  
  126  9:15  Zergling x4  
  128  9:18  Drone x3  
  128  9:24  Drone x2  
  133  9:29  Zergling x12  
  129  9:51  Zergling x4  
  128  9:53  Hydralisk  
  128  9:54  Zergling x24  
  121  10:12  Hydralisk x7  
  130  10:23  Hydralisk x2, Ultralisk Cavern  
  130  10:24  Zergling x4, Hydralisk  
  137  10:29  Hydralisk  
  137  10:30  Zergling x2  
  140  10:37  Zergling x8, Hydralisk x3  
  148  10:45  Baneling x2  
  145  10:50  Zergling x4  
  133  11:07  Hatchery  
Tags
 
Add a new tag
Caveats
  • Supply blocks, unpowered buildings, or Contaminate may cause inaccurate times.
  • Supply counts are checked every 10 seconds.